 Dungeon Crawl Stone Soup version 0.18-a0-739-gdae9da8 (webtiles) character file.

29 cluie the Insei (level 3, -1/26 HPs)
             Began as a Demonspawn Transmuter on Dec 10, 2015.
             Slain by 4thArraOfDagon's ghost (3 damage)
             ... on level 4 of the Dungeon.
             The game lasted 00:01:15 (328 turns).

cluie the Insei (Demonspawn Transmuter)              Turns: 328, Time: 00:01:15

Health: -1/26      AC:  2    Str: 10    XL:     3   Next: 1%
Magic:  5/6        EV: 12    Int: 14    God:
Gold:   14         SH:  0    Dex: 14    Spells: 1 memorised, 5 levels left

rFire  + . .     SeeInvis .       - Unarmed
rCold  . . .     Clarity  .     b - +0 robe
rNeg   . . .     SustAt   .     (no shield)
rPois  .         Gourm    .     (no helmet)
rElec  .         Spirit   .     (no cloak)
rCorr  .         Dismiss  .     (no gloves)
rMut   .         Stasis   .     (boots currently unavailable)
MR     .....                    (no amulet)
Stlth  ++........               (no ring)
                                (no ring)

@: appendage, not resistant to hostile enchantments, unstealthy
A: talons 3, fire resistance 1, nightstalker 1
a: End Transformation


You were on level 4 of the Dungeon.
You were not hungry.
You had grown temporary talons.
You visited 1 branch of the dungeon, and saw 4 of its levels.

You collected 14 gold pieces.

Inventory:

Missiles
 a - 12 arrows
Armour
 b - a +0 robe (worn)
Scrolls
 f - a scroll of amnesia {unknown}
 h - 2 scrolls of identify {unknown}
 j - a scroll of enchant weapon {unknown}
 l - a scroll of remove curse {unknown}
 m - a scroll of noise {unknown}
Potions
 g - a potion of degeneration {unknown}
 k - a potion of flight {unknown}
Books
 c - a book of Changes

   Spells                             Type                      Level
   a - Beastly Appendage              Transmutation                1
   b - Sticks to Snakes               Transmutation                2
   c - Spider Form                    Transmutation/Poison         3
   d - Ice Form                       Ice/Transmutation            4
   e - Blade Hands                    Transmutation                5
Comestibles
 d - 2 bread rations
 i - a slice of pizza
 n - 3 chunks of flesh


   Skills:
 + Level 1.4 Fighting
 + Level 2.2 Dodging
 * Level 3.3 Unarmed Combat
 - Level 2.0 Spellcasting
 - Level 1.7 Transmutations


You had 5 spell levels left.
You knew the following spells:

 Your Spells              Type           Power        Failure   Level  Hunger
a - Beastly Appendage     Trmt           #.....       14%         1    ##.....


Dungeon Overview and Level Annotations

Branches:
Dungeon (4/15)
 Temple: D:4-7

Altars:

Annotations:
D:4 4thArraOfDagon's ghost, weakling FeFi


Innate Abilities, Weirdness & Mutations

Your flesh is heat resistant.
You are slightly more attuned to the shadows.
You have claws for feet.


Message History

Confirm with . or Enter, or press ? or * to list all spells.
Your feet morph into talons. 4thArraOfDagon's ghost turns its malevolent gaze towards you.
You barely miss 4thArraOfDagon's ghost.
Your kick misses 4thArraOfDagon's ghost. 4thArraOfDagon's ghost hits you but does no damage.
You closely miss 4thArraOfDagon's ghost.
Your kick misses 4thArraOfDagon's ghost. 4thArraOfDagon's ghost hits you!
Ouch! That really hurt!
* * * LOW HITPOINT WARNING * * *
You hit 4thArraOfDagon's ghost. 4thArraOfDagon's ghost is lightly damaged. 4thArraOfDagon's ghost hits you.
* * * LOW HITPOINT WARNING * * *
You miss 4thArraOfDagon's ghost.
Your kick misses 4thArraOfDagon's ghost. 4thArraOfDagon's ghost is lightly damaged. 4thArraOfDagon's ghost hits you.
You die...

#. ######### #..
...#...
..###.####.#.##
#+#............<#
#.....#.####....#
#....##.####.####.#
###...................
#......##.#########.##
+....@W.........
#.....###.##W.##
#.....# #.# .# #...?.#
#.. .. #.....# #... .
#.....# #.... #######
.....


You could see 4thArraOfDagon's ghost.

Vanquished Creatures
  A worker ant (D:4)
  A giant cockroach (D:2)
  A bat (D:1)
  2 giant newts
  3 rats
8 creatures vanquished.

Notes
Turn   | Place    | Note
--------------------------------------------------------------
     0 | D:1      | cluie the Demonspawn Transmuter began the quest for the Orb.
     0 | D:1      | Reached XP level 1. HP: 15/15 MP: 3/3
   200 | D:4      | Noticed a worker ant
   214 | D:4      | Killed a worker ant
   214 | D:4      | Reached skill level 3 in Unarmed Combat
   214 | D:4      | Gained mutation: Your flesh is heat resistant. [demonic ancestry]
   214 | D:4      | Reached XP level 2. HP: 11/21 MP: 3/5
   214 | D:4      | Gained mutation: You are slightly more attuned to the shadows. [demonic ancestry]
   214 | D:4      | Reached XP level 3. HP: 13/26 MP: 3/6
   263 | D:4      | Noticed 4thArraOfDagon's ghost (weakling FeFi)
   327 | D:4      | HP: 1/26 [4thArraOfDagon's ghost (2)]
   328 | D:4      | Slain by 4thArraOfDagon's ghost

Vault maps used:
D:1:      lightli_arrival_noodles
D:3:      lemuel_coloured_pillars_altar, minivault_24
D:4:      first_bread

Action                   || total
-------------------------++-------
Melee: Unarmed           ||    33
 Cast: Beastly Appendage ||     4
  Use: Potion            ||     1
